 Dungeon Crawl Stone Soup version 0.18-a0-1303-g41c131c (webtiles) character file.

116 nuthulu the Insei (level 5, -6/28 HPs)
             Began as a Vine Stalker Monk on Feb 12, 2016.
             Killed by nerve-wracking pain
             ... invoked by an orc priest
              (8 damage)
             ... on level 3 of the Dungeon.
             The game lasted 00:04:31 (2562 turns).

nuthulu the Insei (Vine Stalker Monk)               Turns: 2562, Time: 00:04:31

Health: -6/28      AC: 11    Str: 13    XL:     5   Next: 1%
Magic:  0/6        EV:  4    Int: 10    God:
Gold:   77         SH:  0    Dex: 18    Spells: 0 memorised, 4 levels left

rFire  + . .     SeeInvis +       - Unarmed
rCold  + . .     Gourm    .     e - +1 plate armour
rNeg   . . .     Faith    .     (no shield)
rPois  .         Spirit   +     (no helmet)
rElec  .         Dismiss  .     (no cloak)
rCorr  .         Reflect  .     (no gloves)
SustAt .         Harm     .     (no boots)
MR     .....                    (no amulet)
Stlth  ..........               (no ring)
                                i - ring of see invisible

@: not resistant to hostile enchantments, extremely unstealthy
A: fangs 2, cold resistance 1, fire resistance 1, regeneration 1, evolution 1,
magic shield, antimagic bite, no device heal 3, rot immunity
a: no special abilities


You were on level 3 of the Dungeon.
You were not hungry.

You visited 1 branch of the dungeon, and saw 3 of its levels.

You collected 77 gold pieces.

Inventory:

Armour
 a - a +0 robe
 e - a +1 plate armour (worn)
Jewellery
 i - a ring of see invisible (left hand)
Potions
 c - 4 potions of curing
 d - 2 potions of flight {unknown}
 f - a potion of degeneration {unknown}
Comestibles
 b - 3 bread rations
 g - a chunk of flesh
 h - 2 fruits


   Skills:
 + Level 3.3 Fighting
 + Level 1.6 Armour
 + Level 3.0 Dodging
 - Level 2.4 Stealth
 + Level 4.6 Unarmed Combat


You had 4 spell levels left.
You didn't know any spells.

Dungeon Overview and Level Annotations

Branches:
Dungeon (3/15)

Altars:
Elyvilon
Nemelex Xobeh
Trog
Zin


Innate Abilities, Weirdness & Mutations

You have extremely sharp teeth.
Your natural rate of healing is unusually fast.
When hurt, damage is shared between your health and your magic reserves.
Your bite disrupts and absorbs the magic of your enemies.
Potions and wands cannot restore your health.
You are immune to rotting.
Your flesh is cold resistant.
Your flesh is heat resistant.
You evolve.


Message History

The orc priest is heavily wounded.
The orc barely misses you.
The orc priest hits you but does no damage.
Your plate armour prevents you from hitting the orc priest.
You bite the orc priest. You drain its power.
You feel invigorated.
The orc priest is heavily wounded.
The orc hits you with a flail.
* * * LOW HITPOINT WARNING * * *
Unknown command.
Your plate armour prevents you from hitting the orc priest.
The orc priest is heavily wounded.
The orc priest hits you but does no damage.
The orc hits you with a flail.
* * * LOW HITPOINT WARNING * * *
Unknown command.
You hit the orc priest. Your bite misses the orc priest.
The orc priest is severely wounded.
The orc priest mumbles some strange prayers to Beogh against you.
Pain shoots through your body!
You die...

#.........# ..................
#.........# ..................
#.........# ..................
#.........# ######..#..).......
#.........# #)......#..........
###.........###.......###########
........###.#...oo....# ........#
#.#.#.oo...>#
........###.#.##@#########
.........................#
........###.#............# #####
........# #.#............# #....
........###.#............# #....
..........#.#............# ###...
........#.#.####'######### #≈≈...
........#'#.#............###≈..♣.
....####.........................


You could see an orc priest and 3 orcs.

Vanquished Creatures
  7 adders (D:2)
  An ooze (D:2)
  3 giant geckos
  An orc (D:3)
  2 ball pythons (D:2)
  4 giant cockroaches
  3 hobgoblins
  9 kobolds
  2 quokkas (D:3)
  7 bats
  A giant newt (D:2)
  5 goblins
  5 rats
50 creatures vanquished.

Notes
Turn   | Place    | Note
--------------------------------------------------------------
     0 | D:1      | nuthulu the Vine Stalker Monk began the quest for the Orb.
     0 | D:1      | Reached XP level 1. HP: 11/11 MP: 2/2
   230 | D:1      | Reached XP level 2. HP: 14/16 MP: 3/3
   676 | D:2      | Reached XP level 3. HP: 5/19 MP: 1/4
   685 | D:2      | Gained mutation: Your flesh is heat resistant. [potion of mutation]
   685 | D:2      | Gained mutation: You evolve. [potion of mutation]
   685 | D:2      | Gained mutation: Your flesh is cold resistant. [potion of mutation]
   832 | D:2      | Reached skill level 1 in Armour
  1220 | D:2      | Reached XP level 4. HP: 24/24 MP: 5/5
  1905 | D:2      | Found a bloodstained altar of Trog.
  2064 | D:2      | Found a sparkling altar of Nemelex Xobeh.
  2064 | D:2      | Found a glowing silver altar of Zin.
  2341 | D:3      | Found a white marble altar of Elyvilon.
  2555 | D:3      | Reached XP level 5. HP: 5/28 MP: 1/6
  2561 | D:3      | HP: 1/28 [orc/flail (4)]
  2562 | D:3      | Killed from afar by an orc priest

Vault maps used:
D:1:      minmay_arrival_diagonal_passages
D:2:      lightli_temple_of_fire, gammafunk_temple_overflow_wave
D:3:      elyvilon_altar_4

Action                   |  1- 3 |  4- 6 || total
-------------------------+-------+-------++-------
Melee: Unarmed           |   113 |    51 ||   164
  Use: Scroll            |     2 |     5 ||     7
       Potion            |     4 |       ||     4
  Eat: Chunk             |     1 |     4 ||     5
